cohdb
Replays
Latest Replays
All Replays
Popular Replays
Top Player Replays
Match Explorer
How It Works
Community
CoH3 Stats
Reddit
Sign in to upload your games and track your stats! →
Sign in with Steam
Match 44003940
Unlisted
Match 44003940
Overview
Messages
Build Orders
End
Construct Section Command Post
Dingo Light Scout Car
Infantry Section
Infantry Section
Infantry Section
Construct Platoon Command Post
Humber Armored Car
Grenade Package
Vickers Machine Gun Team
6-pounder Anti-tank Gun Team
Infantry Training
Construct Company Command Post
CMP 15cwt Truck
Selects Canadian Shock Battlegroup
Selects Offensive Resupply
Selects Incendiary Munitions
Selects Pyrotechnics
Selects Canadian Shock Section
Canadian Shock Section
Matilda II Heavy Tank
Team Weapon Training
6-pounder Anti-tank Gun Team
Unlock M3 Grant Medium Tanks
M3 Grant Medium Tank
kappa
Henry Shi
Steelcurrent
msw.*****
Death of The Hamster
Gatom
0
0
Comments
sign in to comment!
No comments posted yet!